 Dungeon Crawl Stone Soup version 0.24.0-35-gdb84b6a5db (webtiles) character file.

Game seed: 1137568400033056518, levelgen mode: deterministic

87 Pokegali the Shield-Bearer (level 4, -5/24 HPs)
             Began as a Vine Stalker Fighter on Nov 17, 2019.
             Was a Plaything of Xom.
             Slain by Crazy Yiuf
             ... wielding a +3 quarterstaff of chaos
              (6 damage)
             ... while paralysed by Crazy Yiuf
             ... on level 2 of the Dungeon.
             The game lasted 00:11:27 (1591 turns).

Pokegali the Shield-Bearer (Vine Stalker Fighter)   Turns: 1591, Time: 00:11:28

Health: -5/24      AC:  7    Str: 19    XL:     4   Next: 51%
Magic:  0/5        EV:  2    Int:  8    God:    Xom [..*...]
Gold:   83         SH:  0    Dex: 14    Spells: 3/3 levels left

rFire    . . .     SeeInvis .   a - +0 war axe
rCold    . . .     Gourm    .   c - +0 shield
rNeg     . . .     Faith    .   b - +0 scale mail
rPois    .         Spirit   +   (no helmet)
rElec    .         Reflect  .   (no cloak)
rCorr    .         Harm     .   (no gloves)
MR       .....                  d - +0 pair of boots
Stlth    +.........             (no amulet)
HPRegen  0.48/turn              k - ring of stealth
MPRegen  0.09/turn              (no ring)

@: paralysed, lethally poisoned (-5 -> -10), lightly drained
A: fangs 2, regeneration 1, magic shield, antimagic bite, no potion heal 3, rot
immunity
a: Renounce Religion


You were on level 2 of the Dungeon.
You worshipped Xom.
You were a toy of Xom.
You were hungry.

You visited 1 branch of the dungeon, and saw 2 of its levels.

You collected 83 gold pieces.

Inventory:

Hand Weapons
 a - a +0 war axe (weapon)
Missiles
 e - 87 stones (quivered)
Armour
 b - a +0 scale mail (worn)
 c - a +0 shield (worn)
 d - a +0 pair of boots (worn)
Jewellery
 k - a ring of stealth (left hand)
Scrolls
 g - a scroll of enchant weapon
 h - a scroll of teleportation
 i - 2 scrolls of identify
 j - a scroll of amnesia {unknown}
Comestibles
 f - 4 rations


   Skills:
 + Level 3.1(2.8) Fighting
 + Level 2.6(2.4) Axes
 + Level 3.0(2.8) Armour
 + Level 0.2(0.0) Dodging
 + Level 0.3(0.1) Stealth
 + Level 3.2(3.0) Shields


You had 3 spell levels left.
You didn't know any spells.
Your spell library was empty.

Dungeon Overview and Level Annotations

Branches:
Dungeon (2/15)

Altars:
Makhleb
Xom
The Shining One

Annotations:
D:2 Crazy Yiuf


Innate Abilities, Weirdness & Mutations

You have extremely sharp teeth.
Your natural rate of healing is unusually fast.
When hurt, damage is shared between your health and your magic reserves.
Your bite disrupts and absorbs the magic of your enemies.
Potions cannot restore your health.
You are immune to rotting.


Message History

You barely miss Crazy Yiuf. You bite Crazy Yiuf, but do no damage.
Crazy Yiuf is almost dead.
Crazy Yiuf hits you with a +3 quarterstaff of chaos.
Crazy Yiuf freezes you.
You barely miss Crazy Yiuf. You bite Crazy Yiuf. You drain his power.
You feel invigorated.
Crazy Yiuf is almost dead.
Crazy Yiuf laughs, "Lay!
Snurf arga sing-song."
Crazy Yiuf hits you with a +3 quarterstaff of chaos.
You are poisoned.
Crazy Yiuf hits you with a +3 quarterstaff of chaos.
You suddenly lose the ability to move!
You feel sick. x2
Crazy Yiuf hits you with a +3 quarterstaff of chaos.
* * * LOW HITPOINT WARNING * * *
You are more poisoned.
* * * LOW HITPOINT WARNING * * *
You feel sick.
Crazy Yiuf hits you with a +3 quarterstaff of chaos!
You die...

#.##...........##.##########
#.##.###..#...###.##........
# #.##.#
#..##............###. ##
#...## #############.##.# #.
.## ##### #.##.###.
..####### #.##...#.
#..##...## ### ####.####.#.
##...##..# #)..###
##..#.####.#. .##...#.##
#...g@####.......##.#.
..###...#
#...##..#.............
.##...#### ###
###.#...#........ ##...###.#
########...#..# #..#....##
#..##..# ..##.#### #####
#.##...# .###.# #...#
#.##.#[# ## #.# ##'##
#.##.#.# # ##.## #.#
#.##.#.#


You could see Crazy Yiuf.

Vanquished Creatures
  5 adders (D:2)
  2 oozes
  A dart slug (D:1)
  A leopard gecko (D:2)
  7 bats
  A giant cockroach (D:1)
  A hobgoblin (D:2)
  4 jackals (D:1)
  A quokka (D:2)
  3 goblins
  2 kobolds (D:1)
  5 rats
  A bush (D:2)
  4 fungi (D:2)
38 creatures vanquished.

Notes
Turn   | Place    | Note
-------+----------+-------------------------------------------
     0 | D:1      | Pokegali the Vine Stalker Fighter began the quest for the
                  | Orb.
     0 | D:1      | Reached XP level 1. HP: 11/11 MP: 2/2
    59 | D:1      | Reached XP level 2. HP: 11/16 MP: 1/3
   384 | D:1      | Reached XP level 3. HP: 19/19 MP: 4/4
   853 | D:2      | Found a shimmering altar of Xom.
   853 | D:2      | Found a burning altar of Makhleb.
   883 | D:2      | HP: 1/20 [poisoned by an adder]
   887 | D:2      | Became a worshipper of Xom of Chaos
  1239 | D:2      | XOM: confuse monster(s)
  1260 | D:2      | Gained mutation: Your natural rate of healing is unusually
                  | fast. [Vine Stalker growth]
  1260 | D:2      | Reached XP level 4. HP: 18/24 MP: 5/5
  1350 | D:2      | Found a glowing golden altar of the Shining One.
  1500 | D:2      | XOM: mild Hex miscast
  1575 | D:2      | Found a runed translucent door.
  1576 | D:2      | Noticed Crazy Yiuf
  1588 | D:2      | Paralysed by Crazy Yiuf for 6 turns
  1591 | D:2      | HP: 1/24 [poisoned by Crazy Yiuf]
  1591 | D:2      | Slain by Crazy Yiuf

Levels and vault maps discovered:
D:1:      saegor_arrival_simple_a, layout_basic, minmay_tromino_mix6
D:2:      layout_loops_corners, grunt_temple_overflow_open, tso_metal_star,
          uniq_crazy_yiuf_cottage

Skill      XL: |  1  2  3  4 |
---------------+-------------+-----
Axes           | 2 |  2.6
Shields        | 3 |  3.2
Fighting       | 3 |  3.1
Armour         | 3 |  3.0
Dodging        | |  0.2
Stealth        | |  0.3

Action                   |  1- 3 |  4- 6 || total
-------------------------+-------+-------++-------
Melee: War axe           |    66 |    89 ||   155
       Bite              |    14 |    52 ||    66
  Use: Scroll            |     2 |       ||     2
       Potion            |     2 |       ||     2
 Stab: Confused          |     1 |       ||     1
       Sleeping          |     1 |       ||     1
  Eat: Chunk             |     1 |     1 ||     2
Armor: Scale mail        |    29 |     9 ||    38
Dodge: Dodged            |    18 |     2 ||    20
Block: Shield            |    32 |    14 ||    46
